 Dungeon Crawl Stone Soup version 0.28-a0-474-g535839065c (webtiles) character file.

Game seed: 9549393757042920006

0 spiderkeys the Skirmisher (level 1, 16/16 HPs)
             Began as an Octopode Abyssal Knight on Sept 16, 2021.
             Was an Initiate of Lugonu.
             Quit the game on level 1 of the Dungeon.
             The game lasted 00:00:17 (133 turns).

spiderkeys the Skirmisher (Octopode Abyssal Knight)  Turns: 133, Time: 00:00:17

Health: 16/16      AC:  1    Str: 11    XL:     1   Next: 10%
Magic:  2/2        EV: 13    Int: 14    God:    Lugonu [......]
Gold:   0          SH:  0    Dex: 11    Spells: 0/0 levels left

rFire   . . .      SeeInvis .   a - +1 spear
rCold   . . .      Faith    .   (no shield)
rNeg    . . .      Spirit   .   (helmet restricted)
rPois   .          Reflect  .   (no amulet)
rElec   .          Harm     .   (no ring)
rCorr   .          Rampage  .   (no ring)
Will    .....                   (no ring)
Stlth   ++........              (no ring)
HPRegen 0.05/turn               (no ring)
MPRegen 0.08/turn               (no ring)
                                (no ring)
                                (no ring)

@: no status effects
A: almost no armour, amphibious, 8 rings, camouflage 1, gelatinous body 1,
(nimble swimmer 1), tentacles
a: Renounce Religion


You were on level 1 of the Dungeon.
You worshipped Lugonu.
Lugonu was noncommittal.
You visited 1 branch of the dungeon, and saw 1 of its levels.
You visited the Abyss 1 time.


Innate Abilities, Weirdness & Mutations

You cannot wear most types of armour.
You are amphibious.
You can wear up to eight rings at the same time.
Your skin changes colour to match your surroundings (Stealth+).
Your rubbery body absorbs attacks. (AC +1, EV +1)
((You are camouflaged near water. (Stealth+)))
You have tentacles for arms and can constrict up to eight enemies at once.


   Skills:
 + Level 3.0 Fighting
 + Level 2.0 Polearms
 + Level 2.3 Dodging
 + Level 2.0 Invocations


You couldn't memorise any spells.
You didn't know any spells.
Your spell library contained the following spells:

 Spells                   Type           Power      Damage    Failure   Level
 Frozen Ramparts          Ice            0%         1d2       65%         3
 Ice Form                 Ice/Tmut       0%         N/A       96%         4
 Summon Ice Beast         Ice/Summ       0%         N/A       96%         4

Inventory:

Hand Weapons
 a - a +1 spear (weapon)
Missiles
 c - 15 poisoned darts
Potions
 b - a potion of lignification {unknown}

Dungeon Overview and Level Annotations

Branches:
Dungeon (1/15)

Altars:
Elyvilon

....... ....... ##
....... K. ........ .#.
#. ........
.....##.##.......
#..#.(..#........ #.#
#..@.## #.# #.#
##.#..####.# . ##.##
#.......##.# #..
....###..####....###....
##.......# ####......#.
#..##....### ###...#....
##.#........###.........^
#..#..#####.....####.....
#.##..# ###..........#.


You could see a kobold (asleep).


Message History

🤖 Initializing magus.rc ...
Options error: Delay interrupt name "hungry" not recognised. (~/.crawlrc:4988) ✅ Successfully initialized magus.rc [v1.9.10] Welcome, spiderkeys the Octopode Abyssal Knight.
Will you prevail where others failed? Will you find the Orb of Zot?
Lugonu says: Depart the Abyss and spread corruption, my servant! (use the ability menu to exit the Abyss) Press ? for a list of commands and other information.
Found two corrupted altars of Lugonu.
Unknown command.
Press < or > to pray at altars.
There is a corrupted altar of Lugonu here.
Found a gateway leading deeper into the Abyss.
You pick up a book of Rime and begin reading...
You add the spells Frozen Ramparts, Ice Form and Summon Ice Beast to your library.
There is a gateway leading deeper into the Abyss here.
You plunge deeper into the Abyss.
Key pressed, stopping explore.
You pass through the gate.
You can no longer depart the Abyss at will.
There is a staircase leading out of the dungeon here. 😎 MP[-1]
You lost 1 mp, and now have 1/2 mp.
b - a fizzy red potion 😎 MP[+1]
Your mp is fully restored (2).
c - 15 poisoned darts
Found a white marble altar of Elyvilon.
Key pressed, stopping explore.
A bat comes into view.
A bat is nearby!
A bat is nearby!
A bat is nearby!
A bat is nearby!
The bat barely misses you.
You barely miss the bat. Your grab misses the bat. The bat closely misses you.
You barely miss the bat. Your grab misses the bat. The bat misses you.
You barely miss the bat. You grab the bat. You constrict the bat.
The bat hits you.
The bat struggles to escape constriction.
The bat escapes! 😕 HP[-1]
You take 1 damage, and now have 15/16 hp.
A bat is nearby!
A bat is nearby!
A bat is nearby!
A bat is nearby!
A bat is nearby!
You reach to attack!
You hit the bat.
You kill the bat!
Lugonu accepts your kill.
No target in view!
Key pressed, stopping explore.
No target in view!
A kobold comes into view. It is wielding a +0 dagger. 😎 HP[+1]
Your hp is fully restored (16).
Are you sure you want to abandon this character and quit the game? (Confirm with "yes".)

Action                   || total
-------------------------++-------
Melee: Spear             ||     4
       Constrict         ||     1
Invok: Depart the Abyss  ||     1
Dodge: Dodged            ||     3

Levels and vault maps discovered:
D:1:      dpeg_arrival_lava_altar, layout_rooms

Notes
Turn   | Place    | Note
-------+----------+-------------------------------------------
     0 | Abyss:1  | spiderkeys the Octopode Abyssal Knight began the quest for
                  | the Orb.
     0 | Abyss:1  | Reached XP level 1. HP: 16/16 MP: 2/2
     0 | Abyss:1  | magus.rc [v1.9.10]
     5 | Abyss:1  | You pick up a book of Rime and begin reading...
     5 | Abyss:1  | You add the spells Frozen Ramparts, Ice Form and Summon Ice
                  | Beast to your library.
    19 | D:1      | You pass through the gate.
    19 | D:1      | Escaped the Abyss
    61 | D:1      | Found a white marble altar of Elyvilon.
   133 | D:1      | Quit the game

Vanquished Creatures
  A bat (D:1)
1 creature vanquished.

Table legend:
 A = Non-vault XP
 B = Vault XP
 C = Vault XP percentage of total XP
 D = Non-vault monster count
 E = Vault monster count
 F = Vault count percentage of total count
                 A         B        C        D         E       F
            +---------+---------+-------+---------+---------+-------
      Total |       1 |       0 |   0.0 |       1 |       0 |   0.0
            +---------+---------+-------+---------+---------+-------
        D:1 |       1 |       0 |   0.0 |       1 |       0 |   0.0
            +---------+---------+-------+---------+---------+-------

Illustrated notes

Table legend:
 A = Kills in this place as a percentage of kills in entire the game.
 B = Kills by you in this place as a percentage of kills by you in the entire game.
 C = Kills by friends in this place as a percentage of kills by friends in the entire game.
 D = Other kills in this place as a percentage of other kills in the entire game.
 E = Experience gained in this place as a percentage of experience gained in the entire game.
 F = Experience gained in this place divided by the number of levels of this place that you have seen.
                   A       B       C       D       E      F
               +-------+-------+-------+-------+-------+----------------------
         Total | 100.0 | 100.0 |   N/A |   N/A | 100.0 |   0.3
       Dungeon | 100.0 | 100.0 |   N/A |   N/A | 100.0 |   1.0
               +-------+-------+-------+-------+-------+----------------------

Table legend: (Time is in decaauts)
 A = Elapsed time spent in this place.
 B = Non-inter-level travel time spent in this place.
 C = Inter-level travel time spent in this place.
 D = Time resting spent in this place.
 E = Time spent auto-exploring this place.
 F = Levels seen in this place.
 G = Mean time per level.
                   A        B        C        D        E       F      G
               +--------+--------+--------+--------+--------+-----+--------+
         Total |    132 |    132 |      0 |      0 |    107 |   3 |   44.0 |
       Dungeon |    113 |    113 |      0 |      0 |    103 |   1 |  113.0 |
         Abyss |     18 |     18 |      0 |      0 |      4 |   2 |    9.0 |
               +--------+--------+--------+--------+--------+-----+--------+

Top non-repeatable levels by time:
     D:1: 113 daAuts
 Abyss:1: 15 daAuts
 Abyss:2: 3 daAuts
